[Event "Titled Tuesday Blitz November 14 Early 2023"]
[White "Borgaonkar Akshay"]
[Black "PoXerStar"]
[WhiteFideId "25639110"]
[WhiteElo "2651"]
[BlackElo "2418"]
[Result "0-1"]
[Round "4"]
[TimeControl "180+1"]
[Date "2023.11.14"]
[WhiteClock "0:00:10"]
[BlackClock "0:00:05"]
[Board "136"]

1. Nf3 d5 2. b3 c6 3. Bb2 Nf6 4. e3 Bf5 5. Be2 h6 6. O-O e6 7. d3 Be7 8. Nbd2 O-O 9. a3 a5 10. h3 Nbd7 11. Ne5 Nxe5 12. Bxe5 Nd7 13. Bb2 Bf6 14. d4 e5 15. dxe5 Nxe5 16. Qc1 Re8 17. Nf3 Be4 18. Nd2 Bf5 19. Rd1 Qe7 20. Nf3 Be4 21. Nxe5 Bxe5 22. c4 Qf6 23. Bxe5 Rxe5 24. Qb2 Bxg2 25. f4 Rxe3 26. Qxf6 gxf6 27. Kf2 Rae8 28. Bh5 Bxh3 29. cxd5 cxd5 30. Rxd5 Rxb3 31. Rxa5 f5 32. Rg1+ Kf8 33. Rh1 Rc8 34. Bd1 Rd3 35. Be2 Rc2 36. Ra8+ Kg7 37. Rg1+ Bg4 38. Re8 Rdd2 39. Kg3 Rxe2 40. Rxe2 Rxe2 41. Rb1 Re3+ 42. Kh2 Rxa3 43. Rxb7 Rf3 44. Rb4 Re3 45. Kg2 Re4 46. Rb5 Rxf4 47. Kg3 Rf3+ 48. Kg2 Kg6 49. Rb6+ Kg5 50. Rb8 Rc3 51. Rb6 Rc2+ 52. Kf1 Bf3 53. Rb4 Be4 54. Rb3 Kf4 55. Kg1 h5 56. Rh3 Kg4 57. Ra3 h4 58. Ra8 h3 59. Rg8+ Kf4 60. Rh8 h2+ 61. Rxh2 Rxh2 62. Kxh2 Ke3 63. Kg3 f4+ 64. Kg4 f3 65. Kg3 f2 66. Kh2 f1=Q 67. Kg3 Qg2+ 68. Kh4 Bb1 69. Kh5 Kf4 70. Kh6 Qg5# 0-1


[Site "https://www.chess.com"]

[Event "Titled Tuesday Blitz November 14 Early 2023"]
[White "Bao, Qilin"]
[Black "Herman, Daniel"]
[WhiteFideId "8605750"]
[BlackFideId "30935008"]
[WhiteElo "2645"]
[BlackElo "2417"]
[Result "1-0"]
[Round "4"]
[TimeControl "180+1"]
[Date "2023.11.14"]
[WhiteClock "0:01:06"]
[BlackClock "0:00:04"]
[Board "137"]

1. d4 Nf6 2. Bf4 g6 3. e3 Bg7 4. Nf3 O-O 5. c3 d6 6. h3 b6 7. a4 a6 8. Be2 Bb7 9. O-O Nbd7 10. Nbd2 Re8 11. Bh2 e5 12. Nc4 e4 13. Nfd2 Nd5 14. Re1 f5 15. Bf1 N7f6 16. Qb3 Kh8 17. Na5 Bc8 18. Nc6 Qd7 19. Nb4 Nxb4 20. Qxb4 Bb7 21. a5 b5 22. c4 c5 23. Qb3 b4 24. dxc5 dxc5 25. Qc2 Rad8 26. Nb3 Qc6 27. Rad1 Nh5 28. Rxd8 Rxd8 29. Rd1 Rxd1 30. Qxd1 Bf6 31. Bd6 Bxb2 32. Bxc5 Bf6 33. Bxb4 Ng7 34. Qd6 Qxd6 35. Bxd6 Ne6 36. c5 Kg7 37. Bc4 Nd8 38. Nd4 Bxd4 39. exd4 Nc6 40. Bc7 Kf8 41. d5 Nb4 42. c6 Ba8 43. Bd6+ 1-0


[Site "https://www.chess.com"]

[Event "Titled Tuesday Blitz November 14 Early 2023"]
[White "Osinovsky, Stepan"]
[Black "Khater, Sherif"]
[WhiteFideId "4157354"]
[BlackFideId "2034280"]
[WhiteElo "2415"]
[BlackElo "2640"]
[Result "1-0"]
[Round "4"]
[TimeControl "180+1"]
[Date "2023.11.14"]
[WhiteClock "0:00:34"]
[BlackClock "0:00:59"]
[Board "138"]

1. e4 a6 2. d4 c6 3. Bd3 d5 4. e5 e6 5. c3 c5 6. Nf3 Nc6 7. O-O Nge7 8. a3 Ng6 9. b4 cxd4 10. cxd4 Qb6 11. Be3 Bd7 12. Nc3 Na7 13. h4 Be7 14. g3 Bb5 15. Nxb5 Nxb5 16. h5 Nf8 17. Qd2 h6 18. a4 Na7 19. Rfb1 Nd7 20. Rb3 Rc8 21. b5 a5 22. Kg2 O-O 23. Bb1 Rfd8 24. Bxh6 gxh6 25. Qxh6 Nf8 26. Ng5 Bxg5 27. Qxg5+ Kh8 28. Rf3 Qc7 29. Rf6 1-0


[Site "https://www.chess.com"]

[Event "Titled Tuesday Blitz November 14 Early 2023"]
[White "Kleiman, Jake"]
[Black "YouShallNotPass001"]
[WhiteFideId "2020041"]
[WhiteElo "2637"]
[BlackElo "2412"]
[Result "0-1"]
[Round "4"]
[TimeControl "180+1"]
[Date "2023.11.14"]
[WhiteClock "0:00:17"]
[BlackClock "0:00:22"]
[Board "139"]

1. d4 Nf6 2. Bf4 e6 3. e3 c5 4. c3 cxd4 5. exd4 b6 6. Nf3 Bb7 7. Bd3 Be7 8. O-O O-O 9. Nbd2 Nh5 10. Be3 d6 11. Re1 Nd7 12. a4 a6 13. Nc4 Qc7 14. Nfd2 g6 15. Bh6 Rfe8 16. Ne3 Ndf6 17. g4 Ng7 18. Bf1 Nd5 19. Bg2 Nxe3 20. fxe3 e5 21. Bxb7 Qxb7 22. Qf3 d5 23. Nc4 e4 24. Qf1 dxc4 25. Qxc4 Rac8 26. Qe2 Ne6 27. Rf1 Ng5 28. Bxg5 Bxg5 29. Rf2 b5 30. axb5 axb5 31. Raf1 Re7 32. Ra1 Ra8 33. Rff1 Ree8 34. Qf2 Qd7 35. Qg3 Qd5 36. h4 Be7 37. g5 Bd6 38. Qg4 b4 39. c4 Qxc4 40. Rxa8 Rxa8 41. Qxe4 Rc8 42. Qf3 Qe6 43. Rf2 b3 44. e4 Rc2 45. e5 Bf8 46. Kg2 Qc4 47. d5 Rxf2+ 48. Kxf2 Qxh4+ 49. Ke2 Qh2+ 50. Kd3 Qxb2 51. e6 Qc2+ 52. Kd4 Bc5+ 53. Ke5 Qb2+ 54. Ke4 Qd4# 0-1


[Site "https://www.chess.com"]

[Event "Titled Tuesday Blitz November 14 Early 2023"]
[White "ChessLebaneseSalah"]
[Black "Asavasaetakul, Chawit"]
[BlackFideId "6204856"]
[WhiteElo "2410"]
[BlackElo "2621"]
[Result "0-1"]
[Round "4"]
[TimeControl "180+1"]
[Date "2023.11.14"]
[WhiteClock "0:00:06"]
[BlackClock "0:00:24"]
[Board "140"]

1. e4 e5 2. Nf3 Nc6 3. Bb5 Nf6 4. d3 Bc5 5. c3 a6 6. Ba4 b5 7. Bb3 d6 8. a4 Rb8 9. Nbd2 O-O 10. O-O Re8 11. Re1 h6 12. h3 Be6 13. Nf1 b4 14. Bxe6 fxe6 15. d4 bxc3 16. bxc3 exd4 17. cxd4 Bb6 18. Ng3 e5 19. Be3 exd4 20. Nxd4 Ne5 21. Rc1 Qd7 22. Ndf5 Kh8 23. Bxb6 Rxb6 24. Qd2 Rb3 25. Rc3 Qxa4 26. Rxc7 Rd3 27. Qc1 Rxg3 28. fxg3 Nd3 29. Qc3 Nxe1 30. Rxg7 Qxe4 31. Qxf6 Qxg2# 0-1


[Site "https://www.chess.com"]

[Event "Titled Tuesday Blitz November 14 Early 2023"]
[White "Zarnicki, Pablo"]
[Black "Marcziter, Dmitrii"]
[WhiteFideId "100137"]
[BlackFideId "13900765"]
[WhiteElo "2596"]
[BlackElo "2409"]
[Result "1-0"]
[Round "4"]
[TimeControl "180+1"]
[Date "2023.11.14"]
[WhiteClock "0:00:22"]
[BlackClock "0:00:38"]
[Board "142"]

1. e4 e5 2. Nf3 Nc6 3. d4 exd4 4. c3 d3 5. Bxd3 d5 6. exd5 Qxd5 7. O-O Nf6 8. Qe2+ Be6 9. Ng5 O-O-O 10. Bc2 Bg4 11. f3 Bc5+ 12. Kh1 Rhe8 13. Qb5 a6 14. Qa4 Bh5 15. Bf4 Bg6 16. Nd2 Bxc2 17. Qxc2 Be3 18. Bxe3 Rxe3 19. Nde4 Rd3 20. Nxf6 gxf6 21. Ne4 f5 22. Ng3 Rd2 23. Qc1 h5 24. Re1 h4 25. Nf1 f4 26. Nxd2 Qxd2 27. Qxd2 Rxd2 28. Rad1 Rxb2 29. Re8+ 1-0


[Site "https://www.chess.com"]

[Event "Titled Tuesday Blitz November 14 Early 2023"]
[White "Jackalhead_Anubis"]
[Black "Tasev, Dejan"]
[BlackFideId "936618"]
[WhiteElo "2408"]
[BlackElo "2577"]
[Result "0-1"]
[Round "4"]
[TimeControl "180+1"]
[Date "2023.11.14"]
[WhiteClock "0:01:40"]
[BlackClock "0:01:50"]
[Board "143"]

1. e4 c6 2. Nf3 d5 3. Nc3 Bg4 4. h3 Bxf3 5. Qxf3 e6 6. Be2 Nf6 7. O-O Be7 8. e5 Nfd7 9. d4 a6 10. Qg3 g6 11. Bh6 c5 12. Rad1 cxd4 13. Rxd4 Nc6 14. Rd3 Ndxe5 15. Bg7 Nxd3 16. Bxh8 Nc5 17. Bf3 Bd6 0-1


[Site "https://www.chess.com"]

[Event "Titled Tuesday Blitz November 14 Early 2023"]
[White "Statham_l3"]
[Black "UK_23"]
[WhiteElo "2568"]
[BlackElo "2408"]
[Result "1-0"]
[Round "4"]
[TimeControl "180+1"]
[Date "2023.11.14"]
[WhiteClock "0:00:27"]
[BlackClock "0:00:03"]
[Board "144"]

1. e4 e5 2. Nf3 Nc6 3. c3 Nf6 4. d4 Nxe4 5. d5 Bc5 6. dxc6 Bxf2+ 7. Ke2 Bb6 8. Qd5 O-O 9. Qxe4 d5 10. Qh4 Qd6 11. Be3 bxc6 12. Bxb6 axb6 13. Nbd2 Ba6+ 14. Kf2 Qc5+ 15. Kg3 e4 16. Nd4 Qd6+ 17. Qf4 Qg6+ 18. Qg4 Qd6+ 19. Qf4 Qg6+ 20. Kh4 Bc8 21. g4 f5 22. g5 c5 23. Nb5 h6 24. Rg1 h5 25. Be2 Qc6 26. Nxc7 g6 27. Nxd5 Kg7 28. Qe5+ Kh7 29. Qe7+ Kg8 30. Nf6+ 1-0


[Site "https://www.chess.com"]

[Event "Titled Tuesday Blitz November 14 Early 2023"]
[White "Nastase, Robert-Paul"]
[Black "LouieKov2022"]
[WhiteFideId "1221175"]
[WhiteElo "2407"]
[BlackElo "2542"]
[Result "0-1"]
[Round "4"]
[TimeControl "180+1"]
[Date "2023.11.14"]
[WhiteClock "0:00:00"]
[BlackClock "0:00:08"]
[Board "145"]

1. a3 d5 2. f4 Bf5 3. Nf3 e6 4. g3 h6 5. Bg2 Nf6 6. d3 Bc5 7. e3 O-O 8. O-O a5 9. b3 Bh7 10. Qe2 c6 11. Bb2 Ng4 12. Nd4 Nf6 13. Kh1 Nbd7 14. Nf3 Qb6 15. Re1 Rfe8 16. Nbd2 Ng4 17. Nd4 Ngf6 18. N4f3 Bd6 19. e4 e5 20. f5 Bc5 21. Nh4 Bd4 22. c3 Bf2 23. Rf1 Be3 24. b4 axb4 25. axb4 Red8 26. Bf3 dxe4 27. Nc4 exf3 28. Qxe3 Qxe3 29. Nxe3 Rxa1 30. Rxa1 Nb6 31. Rd1 e4 32. c4 Rxd3 33. Rxd3 exd3 34. Bxf6 gxf6 35. Nxf3 Nd7 36. Kg2 Ne5 37. g4 Kf8 38. h3 Ke7 0-1


[Site "https://www.chess.com"]

[Event "Titled Tuesday Blitz November 14 Early 2023"]
[White "Haitin, Ilja"]
[Black "Arngrimsson, Dagur"]
[WhiteFideId "4501764"]
[BlackFideId "2301288"]
[WhiteElo "2405"]
[BlackElo "2537"]
[Result "1-0"]
[Round "4"]
[TimeControl "180+1"]
[Date "2023.11.14"]
[WhiteClock "0:00:12"]
[BlackClock "0:00:47"]
[Board "146"]

1. Nf3 Nf6 2. g3 d5 3. Bg2 c6 4. O-O Bf5 5. c4 e6 6. Qb3 Qb6 7. d3 Nbd7 8. cxd5 cxd5 9. Qxb6 Nxb6 10. Nc3 Be7 11. Nb5 O-O 12. Be3 Nfd7 13. Rfc1 a6 14. Nbd4 Bg6 15. Nb3 Rac8 16. Na5 Na4 17. Nxb7 Nxb2 18. Rab1 Ba3 19. Rxc8 Rxc8 20. Bc1 Rc2 21. Nd4 Rc7 22. Na5 Bc5 23. Bxb2 h5 24. Nab3 Bb6 25. Rc1 Rb7 26. h4 Ne5 27. Nf3 Ng4 28. Bd4 Bc7 29. Ng5 Bf5 30. Bf3 Nf6 31. Be5 Ne8 32. Bxc7 Nxc7 33. Bxh5 g6 34. Bf3 a5 35. Nc5 Rb2 36. Nd7 Nb5 37. Ne5 Nd4 38. Nexf7 Nxe2+ 39. Bxe2 Rxe2 40. Rc8+ Kg7 41. Rc7 Kf6 42. Kg2 Bxd3 43. Nd6 Ke5 44. Nb7 Kd4 45. Nxa5 Bc4 46. Nb3+ Kc3 47. Nc5 Kb4 48. Ncxe6 Bd3 49. Nf4 Rd2 50. Nxd5+ Ka5 51. Nf4 Bb5 52. Rc5 Kb6 53. Re5 Rxa2 54. g4 Bc6+ 55. Kg3 Ra3+ 56. f3 Ra4 57. Re6 Ra1 58. Rxc6+ Kxc6 59. Nxg6 Rg1+ 60. Kf4 Ra1 61. h5 Ra4+ 62. Ne4 Kd7 63. h6 Ra7 64. h7 Ra8 65. h8=Q Rxh8 66. Nxh8 Ke6 67. Ng6 Kf7 68. Ne5+ Kg7 69. Nd3 Kh6 70. Ne1 Kg6 71. Nd2 Kf7 72. Nb1 Ke6 73. Nc2 Kf7 74. Na1 Kg6 75. Ke5 Kg7 76. f4 Kf7 77. f5 Kg7 78. f6+ Kf7 79. Kf5 Kg8 80. Ke6 Kf8 81. f7 Kg7 82. Ke7 Kh7 83. f8=Q Kg6 84. Qf5+ Kg7 85. Qg5+ Kh7 86. Kf7 Kh8 87. Qh5# 1-0


[Site "https://www.chess.com"]

[Event "Titled Tuesday Blitz November 14 Early 2023"]
[White "RodokininEV"]
[Black "Ron_Weasley_Chess"]
[WhiteElo "2533"]
[BlackElo "2404"]
[Result "1-0"]
[Round "4"]
[TimeControl "180+1"]
[Date "2023.11.14"]
[WhiteClock "0:01:16"]
[BlackClock "0:00:00"]
[Board "147"]

1. d4 Nf6 2. c4 c5 3. d5 b5 4. cxb5 a6 5. b6 g6 6. Nc3 Bg7 7. e4 d6 8. Nf3 O-O 9. Nd2 Nbd7 10. Be2 Nxb6 11. a4 a5 12. O-O Ba6 13. Bxa6 Rxa6 14. Qe2 Ra8 15. Nb5 Qd7 16. h3 Rfb8 17. Nc3 Ne8 18. f4 Bxc3 19. bxc3 Nxa4 20. Qf3 Nb6 21. f5 Nf6 22. c4 Qe8 23. Qg3 Nbd7 24. Re1 Ne5 25. Nf3 Rb3 26. Rf1 Nxe4 27. Qe1 Nxf3+ 28. Rxf3 Rxf3 29. gxf3 Nf6 30. Rxa5 Rxa5 31. Qxa5 Qc8 32. Bh6 gxf5 33. Qe1 Kh8 34. Qxe7 Ng8 35. Qf8 Qxf8 36. Bxf8 Nf6 37. Bxd6 Nd7 38. Kg2 Kg7 39. Kg3 Kg6 40. Kf4 Nb6 41. Bxc5 Nxc4 42. Bb4 Kf6 43. Bc3+ Kg6 44. Be5 Nb6 45. d6 Nd7 46. Bd4 Nf8 47. Ke5 Nd7+ 48. Kd5 Nb8 49. Kc5 f4 50. Kb6 Kf5 51. Kc7 Na6+ 52. Kc8 1-0


[Site "https://www.chess.com"]

[Event "Titled Tuesday Blitz November 14 Early 2023"]
[White "Dwilewicz, Katarzyna"]
[Black "Yaksin, Oleg"]
[WhiteFideId "1148486"]
[BlackFideId "24105880"]
[WhiteElo "2393"]
[BlackElo "2532"]
[Result "0-1"]
[Round "4"]
[TimeControl "180+1"]
[Date "2023.11.14"]
[WhiteClock "0:00:00"]
[BlackClock "0:00:15"]
[Board "148"]

1. e4 c5 2. c3 Nf6 3. e5 Nd5 4. Nf3 Nc6 5. d4 cxd4 6. Bc4 e6 7. cxd4 d6 8. O-O Be7 9. Nc3 Nxc3 10. bxc3 dxe5 11. dxe5 Qxd1 12. Rxd1 Bd7 13. Rb1 O-O-O 14. Be3 h6 15. Rb2 Kc7 16. Rdb1 b6 17. Kf1 Rb8 18. Ke2 Rhd8 19. g3 Bc8 20. h4 Bb7 21. Bb5 Na5 22. Nd4 Bc5 23. Bd3 Bxd4 24. cxd4 Bd5 25. h5 Rdc8 26. f4 Kd7 27. g4 Nc4 28. Bxc4 Bxc4+ 29. Kd2 Bd5 30. Rg1 g6 31. hxg6 fxg6 32. f5 exf5 33. gxf5 gxf5 34. Rg7+ Ke6 35. Bxh6 Rg8 36. Ke3 Rxg7 37. Bxg7 Rg8 38. Bf6 Rg3+ 39. Kf4 Rg4+ 40. Ke3 f4+ 41. Kd3 Rg3+ 42. Kd2 Rg2+ 43. Kc3 f3 44. Bh4 Rxb2 45. Kxb2 Kf5 46. Kc3 Kg4 47. Bf2 Kh3 48. Kd3 Kg2 49. Ke3 Bxa2 50. Be1 Bd5 51. Bf2 a5 52. Be1 a4 0-1


[Site "https://www.chess.com"]

[Event "Titled Tuesday Blitz November 14 Early 2023"]
[White "Bettalli, Francesco"]
[Black "Melaugh, Shane"]
[WhiteFideId "2816453"]
[BlackFideId "2509580"]
[WhiteElo "2532"]
[BlackElo "2393"]
[Result "1-0"]
[Round "4"]
[TimeControl "180+1"]
[Date "2023.11.14"]
[WhiteClock "0:00:06"]
[BlackClock "0:00:00"]
[Board "149"]

1. e4 g6 2. d4 Bg7 3. Nc3 d6 4. Be3 b6 5. Bc4 Bb7 6. Nf3 a6 7. a4 e6 8. O-O Ne7 9. Ng5 O-O 10. Qg4 h6 11. Qh4 d5 12. exd5 exd5 13. Bd3 hxg5 14. Bxg5 f6 15. Bd2 Bc8 16. Rfe1 Nbc6 17. Re3 Bf5 18. g4 Bxd3 19. Rxd3 Kf7 20. Re1 Qd6 21. Qh3 Rh8 22. Qg2 Rae8 23. Rde3 Nxd4 24. f4 f5 25. g5 Rh4 26. Qf2 Rg4+ 27. Kh1 Kf8 28. Nd1 Rxf4 29. Rxe7 Rxf2 30. Rxe8+ Kf7 31. Nxf2 Nf3 32. Bf4 Qd7 33. R1e7+ Qxe7 34. Rxe7+ Kxe7 35. Bxc7 Bxb2 36. Bxb6 Nxg5 37. Nd3 Bf6 38. Nf4 Kd6 39. Nxg6 Ne4 40. Kg2 Kc6 41. a5 Nd6 42. h4 Nc4 43. Bf2 Nxa5 44. h5 Bg7 45. Ne7+ Kb5 46. Nxf5 Bf6 47. Bd4 Bg5 48. Be3 Bf6 49. h6 Nc6 50. h7 a5 51. c3 a4 52. Nd4+ 1-0


[Site "https://www.chess.com"]

[Event "Titled Tuesday Blitz November 14 Early 2023"]
[White "brm72"]
[Black "Hoffmann, Asa"]
[BlackFideId "2001470"]
[WhiteElo "2532"]
[BlackElo "2390"]
[Result "1-0"]
[Round "4"]
[TimeControl "180+1"]
[Date "2023.11.14"]
[WhiteClock "0:00:09"]
[BlackClock "0:00:11"]
[Board "150"]

1. e4 d6 2. d4 Nf6 3. Nc3 c6 4. f4 Qa5 5. Bd3 e5 6. Nf3 exd4 7. Nxd4 Qb6 8. Nb3 a5 9. Qe2 a4 10. Be3 Qb4 11. a3 axb3 12. axb4 Rxa1+ 13. Kf2 Rxh1 14. h3 Nbd7 15. e5 dxe5 16. fxe5 Nd5 17. Nxd5 cxd5 18. Qg4 Be7 19. Qxg7 Rf8 20. cxb3 d4 21. Bxd4 Rd1 22. Ke2 Rxd3 23. Kxd3 b6 24. Qxh7 Bb7 25. g4 Bd5 26. h4 Bxb3 27. h5 b5 28. Qe4 Bc4+ 29. Kc3 Rg8 30. h6 Be6 31. h7 Rh8 32. Be3 Nf8 33. Qa8+ Kd7 34. Qb7+ Ke8 35. Qxb5+ Bd7 36. Qb8+ Bd8 37. Bg5 Ne6 38. Bxd8 Nxd8 39. e6 fxe6 40. Qe5 Rxh7 41. g5 Rf7 42. g6 Rf3+ 43. Kc2 Nc6 44. Qh8+ Ke7 45. g7 Nxb4+ 46. Kd2 Rg3 47. Qh4+ Kd6 48. Qxg3+ 1-0


[Site "https://www.chess.com"]

[Event "Titled Tuesday Blitz November 14 Early 2023"]
[White "Cheer_Down"]
[Black "Lopez Martinez, Josep Manuel"]
[BlackFideId "2212943"]
[WhiteElo "2388"]
[BlackElo "2532"]
[Result "1-0"]
[Round "4"]
[TimeControl "180+1"]
[Date "2023.11.14"]
[WhiteClock "0:00:31"]
[BlackClock "0:00:00"]
[Board "151"]

1. c4 g6 2. d4 Bg7 3. e4 d6 4. Nc3 Nf6 5. f3 Nbd7 6. Nh3 e5 7. d5 a5 8. Nf2 h5 9. Be3 Bh6 10. Bxh6 Rxh6 11. Nd3 Kf8 12. g3 Kg7 13. Bg2 h4 14. f4 hxg3 15. hxg3 Rxh1+ 16. Bxh1 Qh8 17. Qf3 c6 18. O-O-O a4 19. a3 cxd5 20. cxd5 Qe8 21. Kb1 Qe7 22. Bg2 Nc5 23. Nxc5 dxc5 24. d6 Qe8 25. Nd5 Nxd5 26. Rxd5 exf4 27. gxf4 b6 28. Qc3+ Kg8 29. Qe5 Be6 30. Rd2 Rd8 31. Qf6 Qf8 32. e5 Rd7 33. Be4 Qg7 34. Qg5 Bb3 35. Bd5 Bxd5 36. Rxd5 Qf8 37. e6 fxe6 38. Qxg6+ Rg7 39. Qxe6+ Qf7 40. Qxf7+ Kxf7 41. d7 Rg1+ 42. Ka2 1-0


[Site "https://www.chess.com"]

[Event "Titled Tuesday Blitz November 14 Early 2023"]
[White "LeoLV10"]
[Black "Jamal-Jamal-Jamal"]
[WhiteElo "2531"]
[BlackElo "2372"]
[Result "0-1"]
[Round "4"]
[TimeControl "180+1"]
[Date "2023.11.14"]
[WhiteClock "0:00:09"]
[BlackClock "0:00:32"]
[Board "152"]

1. e4 c5 2. Nf3 a6 3. c4 Nc6 4. d4 cxd4 5. Nxd4 Nf6 6. Nc3 e5 7. Nc2 Bc5 8. Be2 d6 9. a3 O-O 10. b4 Ba7 11. O-O Nd4 12. Bb2 Be6 13. Ne3 Rc8 14. Bd3 Qd7 15. Rc1 Rfd8 16. Ned5 Bxd5 17. Nxd5 Nxd5 18. exd5 b5 19. Qh5 g6 20. Qh4 bxc4 21. Bc2 c3 22. Ba1 Ne2+ 23. Kh1 Nxc1 24. Rxc1 Kg7 25. Rf1 f5 26. Qh3 Bd4 27. Qd3 Qb5 28. Qd1 Qxd5 29. Qe2 Qf7 30. a4 e4 31. Qxa6 Bf6 32. b5 d5 33. b6 d4 34. Qb5 d3 35. Bb3 Qe7 36. a5 c2 37. Bxf6+ Qxf6 38. b7 c1=Q 39. Bd1 Qcc6 40. bxc8=Q Rxc8 41. Qb4 Qfd6 42. Qb2+ Qf6 43. Qb4 Qc5 44. Qb7+ Qc7 45. Qb4 Qfc3 46. Qb5 Q3xa5 47. Qb2+ Qae5 48. Qb3 Rb8 49. Qa4 Qxh2# 0-1


[Site "https://www.chess.com"]

[Event "Titled Tuesday Blitz November 14 Early 2023"]
[White "Melikhov, Evgeny V."]
[Black "TomLiu777"]
[WhiteFideId "4122046"]
[WhiteElo "2374"]
[BlackElo "2531"]
[Result "1/2-1/2"]
[Round "4"]
[TimeControl "180+1"]
[Date "2023.11.14"]
[WhiteClock "0:00:30"]
[BlackClock "0:00:15"]
[Board "153"]

1. d4 Nf6 2. c4 c5 3. d5 e6 4. Nc3 exd5 5. cxd5 d6 6. Nf3 g6 7. h3 Bg7 8. e4 O-O 9. Bd3 b5 10. Nxb5 Re8 11. O-O Nxe4 12. Re1 a6 13. Na3 Nf6 14. Rxe8+ Nxe8 15. Nc4 Bb7 16. Bf4 Bxd5 17. Be2 Be4 18. Nxd6 Nxd6 19. Qxd6 Nc6 20. Qxc5 Nd4 21. Nxd4 Bxd4 22. Qd6 Qxd6 23. Bxd6 Bxb2 24. Rd1 a5 25. Bc5 Bf6 26. Bd4 Kg7 27. Bxf6+ Kxf6 28. Rd6+ Ke7 29. Rb6 Bd5 30. a3 Be6 31. g4 g5 32. Bd3 h6 33. Bf5 Rc8 34. Bxe6 fxe6 35. Rb5 Ra8 36. a4 Ra7 37. Kg2 Kf6 38. Kg3 Ra6 39. f4 Ra8 40. f5 exf5 41. gxf5 Ra6 42. Kg4 Rd6 43. Rxa5 Rd4+ 44. Kg3 Rd3+ 45. Kg2 Ra3 46. Kh2 h5 47. Kg2 h4 48. Kh2 Ra2+ 49. Kg1 Ra3 50. Kg2 Ra2+ 51. Kg1 Ra3 52. Kg2 Rg3+ 53. Kh2 Ra3 54. Kg2 1/2-1/2


[Site "https://www.chess.com"]

[Event "Titled Tuesday Blitz November 14 Early 2023"]
[White "Lehtosaari, Mauri"]
[Black "Skaric, Djuro"]
[WhiteFideId "501999"]
[BlackFideId "934569"]
[WhiteElo "2529"]
[BlackElo "2370"]
[Result "0-1"]
[Round "4"]
[TimeControl "180+1"]
[Date "2023.11.14"]
[WhiteClock "0:00:00"]
[BlackClock "0:01:03"]
[Board "154"]

1. d4 d6 2. Nf3 g6 3. c3 Bg7 4. Bg5 Nf6 5. e3 O-O 6. Bc4 Nc6 7. O-O h6 8. Bxf6 Bxf6 9. Nbd2 Bg7 10. a4 Kh7 11. h3 a6 12. Qc2 e5 13. dxe5 dxe5 14. Rfd1 Qe7 15. e4 Be6 16. Bd5 Rad8 17. Nc4 Bxd5 18. exd5 Nb8 19. Na5 b6 20. Nc6 Nxc6 21. dxc6 Rd6 22. Qe2 a5 23. Rxd6 Qxd6 24. Qc4 f5 25. Re1 e4 26. Nd4 Bxd4 27. cxd4 Rd8 28. Rd1 Kg7 29. d5 Kf6 30. b3 h5 31. g3 h4 32. Kg2 g5 33. Qc3+ Qe5 34. Qe3 Rxd5 35. Rxd5 Qxd5 36. gxh4 gxh4 37. Qh6+ Ke5 38. Qxh4 e3+ 39. f3 Qd2+ 40. Kg1 e2 41. Qe7+ Kd4 42. Qd8+ Kc3 43. Qf6+ Kxb3 44. Qe6+ Kxa4 45. Qc4+ Ka3 0-1


[Site "https://www.chess.com"]

[Event "Titled Tuesday Blitz November 14 Early 2023"]
[White "Mejia, Cherry Ann"]
[Black "vishwa_vijeta"]
[WhiteFideId "5206880"]
[WhiteElo "2367"]
[BlackElo "2528"]
[Result "0-1"]
[Round "4"]
[TimeControl "180+1"]
[Date "2023.11.14"]
[WhiteClock "0:00:24"]
[BlackClock "0:01:48"]
[Board "155"]

1. e4 c5 2. Nc3 g6 3. g3 Nc6 4. d3 Bg7 5. Be3 d6 6. Qd2 Nd4 7. h3 Nf6 8. Bg2 O-O 9. Nd1 b5 10. c3 Nc6 11. e5 Nxe5 12. Bxa8 Bf5 13. Bg2 Nxd3+ 14. Kf1 Ne5 15. f4 Nc4 16. Qe2 Ne4 17. Bxe4 Bxe4 18. Nf3 Qa8 19. Kf2 e5 20. b3 exf4 21. Bxf4 Nb6 22. Bxd6 Rd8 23. Bxc5 Bxf3 24. Bxb6 Bxe2 25. Bxd8 Qf3+ 26. Ke1 Bxd1 0-1


[Site "https://www.chess.com"]

[Event "Titled Tuesday Blitz November 14 Early 2023"]
[White "Osmak, Yuliia"]
[Black "Vigoa Apecheche, Yanira"]
[WhiteFideId "14101602"]
[BlackFideId "3507041"]
[WhiteElo "2527"]
[BlackElo "2364"]
[Result "1/2-1/2"]
[Round "4"]
[TimeControl "180+1"]
[Date "2023.11.14"]
[WhiteClock "0:00:04"]
[BlackClock "0:01:35"]
[Board "156"]

1. e4 e6 2. d4 d5 3. exd5 exd5 4. Nf3 Nf6 5. Bd3 Bd6 6. Qe2+ Qe7 7. Qxe7+ Bxe7 8. O-O O-O 9. Bf4 c6 10. Re1 Bd8 11. Nbd2 h6 12. c3 Be6 13. a4 Nbd7 14. a5 Rc8 15. b4 Bc7 16. Bxc7 Rxc7 17. Nb3 Re8 18. Ne5 Nxe5 19. Rxe5 Nd7 20. Re2 Kf8 21. Rae1 Rcc8 22. f4 f6 23. Kf2 Bf7 24. g4 g6 25. h4 Rxe2+ 26. Rxe2 Re8 27. g5 hxg5 28. hxg5 fxg5 29. fxg5 Rxe2+ 30. Kxe2 b6 31. Kf3 Ke7 32. Kf4 Kd6 33. Nd2 Nf8 34. Kg4 Ne6 35. Nf3 Nf8 36. Ne5 Be8 37. axb6 axb6 38. Kh4 c5 39. bxc5+ bxc5 40. Kg4 cxd4 41. cxd4 Ke6 42. Bc2 Kd6 43. Bd3 Ke6 44. Bc2 Kd6 45. Bd3 1/2-1/2


[Site "https://www.chess.com"]

[Event "Titled Tuesday Blitz November 14 Early 2023"]
[White "Molenda, Marcin"]
[Black "EvgenyBurmakin"]
[WhiteFideId "1173065"]
[WhiteElo "2524"]
[BlackElo "2361"]
[Result "1-0"]
[Round "4"]
[TimeControl "180+1"]
[Date "2023.11.14"]
[WhiteClock "0:00:15"]
[BlackClock "0:00:05"]
[Board "157"]

1. Nf3 Nf6 2. c4 g6 3. Nc3 Bg7 4. d4 O-O 5. e4 d6 6. Be2 e5 7. Be3 Ng4 8. Bg5 f6 9. Bc1 exd4 10. Nxd4 Ne5 11. O-O Nbc6 12. Nc2 f5 13. exf5 Bxf5 14. Be3 Qd7 15. Nd4 Nxd4 16. Bxd4 Rae8 17. f4 Nc6 18. Bxg7 Qxg7 19. Bf3 Qd4+ 20. Qxd4 Nxd4 21. Bxb7 Nc2 22. Rac1 Ne3 23. Rfe1 Bd3 24. b3 Kg7 25. Bf3 h5 26. Kf2 Ng4+ 27. Bxg4 hxg4 28. Rxe8 Rxe8 29. Re1 Rxe1 30. Kxe1 c6 31. Kd2 Bf1 32. g3 Kf6 33. Ne4+ Ke6 34. Ke3 Bg2 35. Nf2 Bf3 36. Nd3 a5 37. c5 dxc5 38. Nxc5+ Kd5 39. Nb7 a4 40. bxa4 Kc4 41. Na5+ Kb4 42. Nb3 Bd5 43. a5 Bxb3 44. axb3 Kxa5 45. Kd4 Kb4 46. Ke5 Kxb3 47. Kd6 Kc3 48. Kxc6 Kd4 49. Kd6 Ke4 50. Ke6 Kf3 51. Kf6 Kg2 52. Kg5 Kxh2 53. Kxg4 Kg2 54. Kh4 Kf3 55. Kh3 Kf2 56. Kg4 Kg2 57. Kh4 Kf3 58. Kh3 Kf2 59. g4 Kf3 60. f5 gxf5 61. gxf5 Kf4 62. f6 Kg5 63. f7 Kf6 64. f8=Q+ Ke5 65. Qf3 1-0


[Site "https://www.chess.com"]

[Event "Titled Tuesday Blitz November 14 Early 2023"]
[White "Manon-og, Ramon Jr."]
[Black "Manukian, Artak"]
[WhiteFideId "5200776"]
[BlackFideId "13301373"]
[WhiteElo "2354"]
[BlackElo "2523"]
[Result "0-1"]
[Round "4"]
[TimeControl "180+1"]
[Date "2023.11.14"]
[WhiteClock "0:00:00"]
[BlackClock "0:00:12"]
[Board "158"]

1. e4 c6 2. d4 d5 3. e5 Bf5 4. Nd2 e6 5. Nb3 Nd7 6. Nf3 h6 7. Be2 g5 8. O-O b6 9. c4 dxc4 10. Bxc4 b5 11. Bd3 Ne7 12. Be3 Nb6 13. Rc1 Rc8 14. Nc5 Bxd3 15. Nb7 Bxf1 16. Nxd8 Rxd8 17. Qxf1 Nbd5 18. Bd2 g4 19. Nh4 h5 20. a4 a6 21. axb5 cxb5 22. Ba5 Rc8 23. Rxc8+ Nxc8 24. Qc1 Kd7 25. g3 Na7 26. Ng2 Nc6 27. Bc3 b4 28. Bd2 Nxd4 29. Qa1 Nf3+ 30. Kh1 Nxd2 31. Qxa6 Bh6 32. Qb7+ Nc7 33. Qxb4 Nf3 34. Qd6+ Kc8 35. Ne3 Rd8 36. Qe7 Bxe3 37. fxe3 Rd2 38. Qf8+ Kd7 39. Qxf7+ Kc6 40. Qxh5 Rxh2+ 41. Qxh2 Nxh2 42. Kxh2 Kd5 0-1


[Site "https://www.chess.com"]